 Dungeon Crawl Stone Soup version 0.28-b1-25-g9875b3fc8c (webtiles) character file.

Game seed: 1425416112461004948

37 cayde69 the Gusty (level 3, 26/26 HPs)
             Began as a Draconian Air Elementalist on Feb 2, 2022.
             Was a Believer of Lugonu.
             Quit the game on level 1 of the Dungeon.
             The game lasted 00:03:20 (1468 turns).

cayde69 the Gusty (Draconian Air Elementalist)      Turns: 1468, Time: 00:03:20

Health: 26/26      AC:  5    Str: 10    XL:     3   Next: 21%
Magic:  6/6        EV: 12    Int: 17    God:    Lugonu [**....]
Gold:   27         SH:  0    Dex: 11    Spells: 6/7 levels left

rFire   . . .      SeeInvis .   h - staff of conjuration
rCold   . . .      Faith    .   (no shield)
rNeg    . . .      Spirit   .   (armour unavailable)
rPois   .          Reflect  .   (helmet restricted)
rElec   .          Harm     .   (no cloak)
rCorr   .          Rampage  .   (no gloves)
Will    .....                   (no boots)
Stlth   ++........              (no amulet)
HPRegen 0.08/turn               (no ring)
MPRegen 0.10/turn               (no ring)

@: no status effects
A: AC +5, unfitting armour, cold-blooded
a: Renounce Religion, Depart the Abyss, Bend Space


You were on level 1 of the Dungeon.
You worshipped Lugonu.
Lugonu was pleased with you.
You visited 1 branch of the dungeon, and saw 1 of its levels.

You collected 27 gold pieces.

Inventory:

Hand Weapons
 b - a +0 short sword
Missiles
 c - 15 stones
Armour
 a - a +0 helmet
Magical Staves
 h - a staff of conjuration (weapon)
Scrolls
 d - 2 scrolls of identify {unknown}
Potions
 e - a potion of heal wounds {unknown}
 f - a potion of curing {unknown}
 g - a potion of might {unknown}


   Skills:
 + Level 0.2 Fighting
 + Level 2.0 Dodging
 - Level 1.7 Stealth
 + Level 2.5 Spellcasting
 - Level 1.0 Conjurations
 + Level 3.7 Air Magic


You had 6 spell levels left.
You knew the following spells:

 Your Spells              Type           Power      Damage    Failure   Level
a - Shock                 Conj/Air       60%        1d6       7%          1

Your spell library contained the following spells:

 Spells                   Type           Power      Damage    Failure   Level
 Static Discharge         Conj/Air       15%        N/A       11%         2
 Swiftness                Air            14%        N/A       12%         3
 Airstrike                Air            7%         N/A       36%         4


Dungeon Overview and Level Annotations

Branches:
Dungeon (1/15)

Altars:
Lugonu


Innate Abilities, Weirdness & Mutations

Your plain brown scales are hard. (AC +5)
You cannot fit into any form of body armour.
You are cold-blooded and may be slowed by cold attacks.


Message History

You can't see any susceptible monsters within range! (Use Z to cast anyway.)
A dart slug and a rat come into view.
The zap hits the rat.
The rat is heavily wounded.
The zap hits the dart slug.
The dart slug is lightly wounded.
The zap misses the rat.
The rat bites you but does no damage.
The zap hits the rat.
You kill the rat!
The zap hits the dart slug.
The dart slug is moderately wounded.
The zap hits the dart slug.
The dart slug is severely wounded.
The zap hits the dart slug.
You kill the dart slug!
You now have 27 gold pieces (gained 9).
A bat comes into view.
The bat hits you but does no damage.
The zap hits the bat.
The bat is moderately wounded.
The bat hits you but does no damage.
The zap misses the bat.
The bat barely misses you. The bat closely misses you.
The zap hits the bat.
You kill the bat!
There is an open door here.
Found a twisted smoking staff.
You see here a staff of conjuration.
h - a staff of conjuration
h - a staff of conjuration (weapon)
There is an open door here.
There is an open door here.
You open the door.
There is an open door here.
Found a faded altar of an unknown god.
There is a faded altar of an unknown god here.
You cannot tell which god this altar belongs to.
Convert to them anyway?
Lugonu accepts your prayer! Lugonu welcomes you!
You can now depart the Abyss.
You can now bend space around yourself.
Are you sure you want to abandon this character and quit the game? (Confirm with "yes".)

#######....# #.# #.#.####
#.......# #.# #.#....# ####....#
#.# ##.####.# #.#### #.# #..# #..
#.# #.# ###.## ### #.# #.# #...#
######.### #.# #.### #........#
#.# #.# ##### #.####.#.# #@# #.#
##.... #.####.#.# #.# #.# #.....
##.....)..######.. #########.###
....#............#. ..........##.
##.###....#####..###########..##.
#.# #....# #..# #.# #.###. ###
#...## #### #.# #.###. #...# ####
#.# #..... #...# #..# #.####.###.


There were no monsters in sight!

Vanquished Creatures
  A dart slug (D:1)
  3 ball pythons (D:1)
  3 bats (D:1)
  2 endoplasms (D:1)
  6 goblins (D:1)
  5 hobgoblins (D:1)
  3 jackals (D:1)
  2 frilled lizards (D:1)
  3 kobolds (D:1)
  2 rats (D:1)
30 creatures vanquished.

Notes
Turn   | Place    | Note
-------+----------+-------------------------------------------
     0 | D:1      | cayde69 the Draconian Air Elementalist began the quest for
                  | the Orb.
     0 | D:1      | Reached XP level 1. HP: 14/14 MP: 3/3
   195 | D:1      | Reached XP level 2. HP: 20/20 MP: 0/5
   893 | D:1      | Reached XP level 3. HP: 26/26 MP: 2/6
  1459 | D:1      | Found a faded altar of an unknown god.
  1467 | D:1      | Prayed at the altar of an unknown god.
  1467 | D:1      | Became a worshipper of Lugonu the Unformed
  1467 | D:1      | Reached * piety under Lugonu
  1467 | D:1      | Reached ** piety under Lugonu
  1468 | D:1      | Quit the game

Illustrated notes

Levels and vault maps discovered:
D:1:      amcnicky_arrival_blooded_trapdoor, layout_loops_corners,
          serial_co_window_serial, co_window_paths_b,
          co_window_of_opportunity_a, co_window_cross_1, co_window_paths_b,
          co_window_of_opportunity_a, co_window_broadway_c, co_window_paths_c,
          co_window_unsneaky_path_c, glass_columns_b, glass_columns_a,
          glass_columns_b, glass_columns_b, glass_columns_a,
          basic_ecumenical_altar

Skill      XL: |  1  2 |
---------------+-------+-----
Dodging        | 2 |  2.0
Fighting       | |  0.2
Stealth        | |  1.7
Spellcasting   | |  2.5
Conjurations   | |  1.0
Air Magic      | |  3.7

Action                   || total
-------------------------++-------
Melee: Short sword       ||    19
       Tailslap          ||     2
 Cast: Shock             ||    54
Armor: Skin              ||    15
Dodge: Dodged            ||    17
